 Dungeon Crawl Stone Soup version 0.28-a0-834-g1a73be5ee4 (webtiles) character file.

Game seed: 7199097461491794601

3404 Essalna the Ducker (level 9, -6/69 HPs)
             Began as a Demonspawn Fire Elementalist on Nov 11, 2021.
             Was a Follower of Vehumet.
             Mangled by a two-headed ogre (16 damage)
             ... on level 8 of the Dungeon.
             The game lasted 00:17:49 (10425 turns).

Essalna the Ducker (Demonspawn Fire Elementalist)  Turns: 10425, Time: 00:17:50

Health: -6/69      AC:  6    Str:  9    XL:     9   Next: 75%
Magic:  6/17       EV: 14    Int: 19    God:    Vehumet [*.....]
Gold:   290        SH:  0    Dex: 14    Spells: 12/19 levels left

rFire   . . .      SeeInvis .   f - staff of conjuration
rCold   . . .      Faith    .   (no shield)
rNeg    . . .      Spirit   .   a - +0 robe
rPois   .          Reflect  .   (helmet restricted)
rElec   .          Harm     .   (no cloak)
rCorr   .          Rampage  .   h - +1 pair of gloves
Will    .....                   (no boots)
Stlth   ++........              (no amulet)
HPRegen 0.21/turn               (no ring)
MPRegen 0.15/turn               (no ring)

@: studying Dodging
A: antennae 1, molten scales 1, foul stench 1, powered by death 1
a: Renounce Religion


You were on level 8 of the Dungeon.
You worshipped Vehumet.
Vehumet was aware of your devotion.
You visited 2 branches of the dungeon, and saw 9 of its levels.
You also visited: Sewer.

You collected 290 gold pieces.

Inventory:

Hand Weapons
 b - a +0 long sword
Missiles
 i - a throwing net
Armour
 a - a +0 robe (worn)
 h - a +1 pair of gloves (worn)
Magical Staves
 f - a staff of conjuration (weapon)
Jewellery
 l - a ring of resist corrosion
Wands
 p - a wand of polymorph (7)
 q - a wand of mindburst (11)
Scrolls
 d - a scroll of enchant weapon {unknown}
 e - 5 scrolls of teleportation
 o - a scroll of enchant armour
 s - a scroll of vulnerability {unknown}
Potions
 c - a potion of haste
 g - a potion of lignification {unknown}
 j - 2 potions of heal wounds
 k - 2 potions of flight
 m - a potion of attraction {unknown}
 n - a potion of berserk rage {unknown}
 r - a potion of curing {unknown}


   Skills:
 + Level 5.7 Fighting
 - Level 4.0 Armour
 + Level 6.4 Dodging
 - Level 1.7 Stealth
 + Level 5.9 Spellcasting
 + Level 6.1 Conjurations
 + Level 6.3 Fire Magic


You had 12 spell levels left.
You knew the following spells:

 Your Spells              Type           Power      Damage    Failure   Level
a - Foxfire               Conj/Fire      100%       2x1d9     1%          1
b - Scorch                Fire           58%        2d8       1%          2
c - Flame Wave            Conj/Fire      44%        3d9       9%          4

Your spell library contained the following spells:

 Spells                   Type           Power      Damage    Failure   Level
 Shock                    Conj/Air       100%       1d9       3%          1
 Conjure Flame            Conj/Fire      44%        6-21      2%          3
 Static Discharge         Conj/Air       25%        N/A       4%          2
 Sticky Flame             Conj/Fire      44%        2d6       9%          4
 Inner Flame              Hex/Fire       17%        N/A       10%         3
 Beastly Appendage        Tmut           10%        N/A       12%         1
 Wereblood                Tmut           5%         N/A       17%         2
 Spider Form              Tmut/Pois      5%         N/A       34%         3
 Dispel Undead            Necr           5%         3d7       75%         4


Dungeon Overview and Level Annotations

Branches:
Dungeon (8/15)             Temple (1/1) D:5           Sewer (visited)
   Lair: D:8-11

Altars:
Ashenzari
Cheibriados
Elyvilon
Fedhas
Gozag
Hepliaklqana
Makhleb
Nemelex Xobeh
Okawaru
Qazlal
Ru
Sif Muna
Trog
Uskayaw
Vehumet
Xom
Yredelemnul
The Shining One

Shops:
D:2 [

Annotations:
D:7 Joseph


Innate Abilities, Weirdness & Mutations

You have a pair of small antennae on your head.
You are partially covered in molten scales. (AC +2)
You may rarely emit foul miasma when damaged in melee.
You regenerate a little health from kills.


Message History

Your foxfire is moderately damaged.
The flame wave engulfs your foxfire.
Your foxfire completely resists. (Press . to intensify the flame waves.)
The foxfire hits the electric eel!
The electric eel is heavily wounded.
The foxfire hits the electric eel!
The electric eel is almost dead.
The electric eel is engulfed in a cloud of scalding steam.
You kill the electric eel!
Vehumet accepts your kill.
A wave of flame ripples out!
The flame wave engulfs the merfolk!!
The merfolk is moderately wounded.
The tree burns like a torch!
The merfolk is engulfed in a cloud of scalding steam.
The merfolk hits you from afar with a +0 trident!
A wave of flame ripples out!
The flame wave engulfs the merfolk!
The merfolk is severely wounded.
The flame wave engulfs the two-headed ogre!
The two-headed ogre is moderately wounded.
You finish channelling waves of flame.
The merfolk is engulfed in a cloud of scalding steam.
The merfolk hits you from afar with a +0 trident!!
The two-headed ogre is engulfed in a cloud of scalding steam.
Casting: Flame Wave (dangerous; 9% risk of failure)
Confirm with . or Enter, or press ? or * to list all spells.
Casting: Flame Wave (dangerous; 9% risk of failure)
Press: ? - help, Dir - look around, f - activate You feel a surge of power!
A wave of flame ripples out!
The flame wave engulfs the two-headed ogre!
The two-headed ogre is heavily wounded. (Press . to intensify the flame waves.)
You are engulfed in a cloud of scalding steam.
The merfolk is engulfed in a cloud of scalding steam.
The merfolk hits you from afar with a +0 trident!
The two-headed ogre is engulfed in a cloud of scalding steam.
The two-headed ogre hits you with a +0 giant club!
* * * LOW HITPOINT WARNING * * *
The two-headed ogre hits you with a +0 giant spiked club!
You die...

≈≈≈≈≈≈≈...♣≈≈≈.....
≈≈≈≈≈≈≈≈♣♣....♣.♣≈..†.
≈≈≈≈≈.♣....≈.♣........
≈≈≈....≈≈≈≈≈...≈≈..≈.
### #≈♣.≈≈≈≈≈≈≈≈.≈≈≈≈.≈≈
#≈≈≈ #≈.§§§≈≈≈≈≈.≈≈≈...≈
≈≈≈≈≈ #§§§...♣........≈≈
≈/...§#§§§....≈♣≈≈≈≈♣...
.=.!.mO@§...≈≈≈≈≈≈≈≈....
..(.≈§#§§..≈≈≈≈≈≈##≈≈≈..
≈≈≈≈≈ #§§§§≈#######≈≈♣##
#≈≈≈ #≈≈§#### #### ###
#≈≈≈≈# #≈≈≈≈≈# #######


You could see a merfolk and a two-headed ogre.

Vanquished Creatures
  A gargoyle (D:8)
  A yak (D:8)
  Edmund (D:5)
  2 orc warriors
  An ice beast (D:7)
  3 ogres
  2 black bears (D:5)
  2 necrophages
  A phantom (D:5)
  A kobold brigand (Sewer)
  3 bullfrogs
  A wyvern zombie (D:7)
  2 scorpions
  A wyvern skeleton (D:4)
  5 killer bees (D:7)
  2 howler monkeys (D:7)
  4 wights (D:7)
  3 electric eels (D:8)
  3 jellies
  A centaur zombie (D:8)
  2 orc priests
  A hound (D:5)
  A gnoll shaman (D:6)
  2 iguanas
  A scorpion zombie (D:5)
  10 orc wizards
  A killer bee zombie (D:8)
  A hound skeleton (D:4)
  3 adders
  4 gnolls (D:6)
  A river rat (Sewer)
  2 shadow imps
  A white imp (D:6)
  2 ufetubi (D:6)
  4 worms
  4 dart slugs
  22 orcs
  7 endoplasms
  4 giant cockroaches
  9 goblins
  7 hobgoblins
  5 jackals
  6 quokkas
  10 ball pythons
  7 bats
  3 frilled lizards
  12 kobolds
  6 rats
178 creatures vanquished.

Vanquished Creatures (collateral kills)
  4 foxfires (D:3)
4 creatures vanquished.

Vanquished Creatures (others)
  747 foxfires
  46 plants
793 creatures vanquished.

Grand Total: 975 creatures vanquished

Notes
Turn   | Place    | Note
-------+----------+-------------------------------------------
     0 | D:1      | Essalna the Demonspawn Fire Elementalist began the quest
                  | for the Orb.
     0 | D:1      | Reached XP level 1. HP: 13/13 MP: 3/3
   685 | D:1      | Gained mutation: You are partially covered in molten
                  | scales. (AC +2) [demonic ancestry]
   685 | D:1      | Reached XP level 2. HP: 15/19 MP: 0/5
  1739 | D:2      | Found Ligaoc's Antique Armour Shop.
  1816 | D:2      | Gained mutation: You may rarely emit foul miasma when
                  | damaged in melee. [demonic ancestry]
  1816 | D:2      | Reached XP level 3. HP: 24/24 MP: 0/6
  2455 | D:2      | Learned a level 2 spell: Scorch
  2478 | D:2      | Reached skill level 1 in Fighting
  3083 | D:3      | Reached XP level 4. HP: 25/32 MP: 2/8
  3462 | D:3      | Found a faded altar of an unknown god.
  3870 | D:3      | Gained mutation: You regenerate a little health from kills.
                  | [demonic ancestry]
  3870 | D:3      | Reached XP level 5. HP: 38/38 MP: 0/9
  5059 | D:4      | Gained mutation: You have a pair of small antennae on your
                  | head. [demonic ancestry]
  5059 | D:4      | Reached XP level 6. HP: 46/46 MP: 3/11
  5688 | D:5      | Entered Level 5 of the Dungeon
  5700 | D:5      | Reached XP level 7. HP: 52/52 MP: 6/12
  5705 | D:5      | Learned a level 4 spell: Flame Wave
  5903 | D:5      | Reached skill level 1 in Armour
  5952 | D:5      | Found a hazy altar of Hepliaklqana.
  5967 | D:5      | Noticed Edmund
  5979 | D:5      | Killed Edmund
  6304 | D:5      | Found a glowing drain.
  6319 | Sewer    | Entered a sewer
  6473 | Sewer    | Reached XP level 8. HP: 60/60 MP: 3/14
  6673 | D:5      | Found a burning altar of Makhleb.
  6884 | D:5      | Found a staircase to the Ecumenical Temple.
  6890 | D:5      | Reached skill level 5 in Fire Magic
  6897 | Temple   | Entered the Ecumenical Temple
  8072 | D:6      | Found an iron altar of Okawaru.
  8242 | D:6      | Found a broken altar of Ashenzari.
  8253 | D:6      | Saw a vision of the Shoals and the Spider Nest.
  8253 | D:6      | Noticed a wind drake
  8253 | D:6      | Noticed a merfolk
  8253 | D:6      | Noticed a merfolk siren
  8253 | D:6      | Noticed a sea snake
  8253 | D:6      | Noticed a merfolk
  8253 | D:6      | Noticed a merfolk
  8254 | D:6      | Noticed a wolf spider
  8847 | D:6      | Reached skill level 5 in Spellcasting
  8847 | D:6      | Reached skill level 5 in Conjurations
  9073 | D:7      | Reached skill level 5 in Dodging
  9273 | D:7      | Found a radiant altar of Vehumet.
  9278 | D:7      | Became a worshipper of Vehumet
  9352 | D:7      | Reached XP level 9. HP: 50/67 MP: 5/16
  9548 | D:7      | Reached skill level 5 in Fighting
  9838 | D:7      | Noticed a gargoyle
  9841 | D:7      | Noticed a gargoyle
  9842 | D:7      | Noticed a gargoyle
  9842 | D:7      | Noticed a gargoyle
  9843 | D:7      | Noticed a gargoyle
 10001 | D:7      | Noticed Joseph
 10029 | D:8      | Killed a gargoyle
 10029 | D:8      | Reached * piety under Vehumet
 10029 | D:8      | Offered knowledge of Shock by Vehumet.
 10420 | D:8      | Noticed a two-headed ogre
 10420 | D:8      | Noticed a merfolk
 10425 | D:8      | Mangled by a two-headed ogre

Illustrated notes

Levels and vault maps discovered:
D:1:      kennysheep_arrival_seaside, layout_loops_ring
D:2:      layout_loops_ring, serial_shops, shop
D:3:      layout_basic, dreamdust_ecumenical_altar_hidden_monk_grotto,
          minmay_misc_feat_more_columns, serial_bayou_lagoon_b
D:4:      layout_cave_pools, minmay_manual_moon
D:5:      layout_basic, old_standard_altar, nzn_hepliaklqana_mist_gate,
          minmay_temple_entry_poolview, gup_sewer_entry_pipe, minivault_19,
          hangedman_decor_lopped, bh_walls_and_bars, uniq_edmund
D:6:      layout_gridville, grunt_ashenzari_visionary
          [grunt_ashenzari_visionary_shoals, grunt_ashenzari_visionary_spider],
          okawaru_metal_pillars_1_2
D:7:      cheibrodos_statue_roulette, layout_basic,
          gammafunk_temple_overflow_wave, grunt_dithmenos_smoke,
          tgw_kikubaaqudgha, uniq_joseph
D:8:      kennysheep_town
Temple:   minmay_temple_forest_path

Skill      XL: |  1  2  3  4  5  6  7  8  9 |
---------------+----------------------------+-----
Fire Magic     | 3 4 5 6 |  6.3
Conjurations   | 2 3 4 5 6 |  6.1
Fighting       | 1 2 3 4 5 |  5.7
Spellcasting   | 3 4 5 |  5.9
Dodging        | 2 3 5 6 |  6.4
Armour         | 1 3 4 |  4.0
Stealth        | |  1.7

Action                   |  1- 3 |  4- 6 |  7- 9 || total
-------------------------+-------+-------+-------++-------
Melee: Long sword        |    25 |       |       ||    25
       Staff             |    21 |     6 |    30 ||    57
 Cast: Foxfire           |   108 |   142 |   199 ||   449
       Scorch            |       |     1 |    30 ||    31
       Flame Wave        |       |       |     8 ||     8
Evoke: Wand              |       |       |     4 ||     4
  Use: Scroll            |       |     6 |     1 ||     7
       Potion            |       |       |     1 ||     1
 Stab: Sleeping          |     1 |       |       ||     1
Armor: Robe              |    16 |     6 |    19 ||    41
Dodge: Dodged            |    52 |     7 |    69 ||   128

Table legend: (Time is in decaauts)
 A = Elapsed time spent in this place.
 B = Non-inter-level travel time spent in this place.
 C = Inter-level travel time spent in this place.
 D = Time resting spent in this place.
 E = Time spent auto-exploring this place.
 F = Levels seen in this place.
 G = Mean time per level.
                   A        B        C        D        E       F      G
               +--------+--------+--------+--------+--------+-----+--------+
         Total |  10490 |  10101 |    389 |    235 |   8657 |  10 | 1049.0 |
       Dungeon |   9723 |   9364 |    359 |    235 |   7979 |   8 | 1215.4 |
        Temple |    443 |    413 |     30 |      0 |    401 |   1 |  443.0 |
         Sewer |    323 |    323 |      0 |      0 |    276 |   1 |  323.0 |
               +--------+--------+--------+--------+--------+-----+--------+

Top non-repeatable levels by time:
     D:3: 1657 daAuts
     D:1: 1636 daAuts
     D:4: 1434 daAuts
     D:5: 1270 daAuts
     D:2: 1254 daAuts
     D:6: 1047 daAuts
     D:7: 1011 daAuts
  Temple: 443 daAuts
     D:8: 412 daAuts
   Sewer: 323 daAuts
